| TOP OF THE 1ST |
|
San Diego Padres batting - Pitching for Colorado Rockies : RHP Colin Lancey Jr.
|
|
Pitching: RHP Colin Lancey Jr.
|
|
|
Batting: RHB Hildo Pot
|
0-0: Ball 1-0: Fly out, F8 (Flyball, 8RM, EV 88.1 MPH)
|
|
Batting: SHB Phil Zacharia
|
0-0: SINGLE (Flyball, 34D, EV 93.1 MPH)
|
|
Batting: RHB C.J. Beavers
|
0-0: Called Strike 0-1: Foul Ball, location: 2F 0-2: Strikes out swinging
|
|
Batting: LHB Mike Holt
|
0-0: Foul Ball, location: 2F 0-1: Ball 1-1: Ball 2-1: Ball 3-1: Ground out 1-3 (Groundball, 34S, EV 71.2 MPH)
|
| Top of the 1st over - 0 runs, 1 hit, 0 errors, 1 left on base; San Diego 0 - Colorado 0 |
| BOTTOM OF THE 1ST |
|
Colorado Rockies batting - Pitching for San Diego Padres : RHP Isaac Spikes
|
|
Pitching: RHP Isaac Spikes
|
|
|
Batting: LHB Andy Bowman
|
0-0: Ball 1-0: Swinging Strike 1-1: Swinging Strike 1-2: Ball 2-2: Ball 3-2: Foul Ball, location: 2F 3-2: Base on Balls
|
|
Batting: SHB Eddie Quinones
|
0-0: Ball 1-0: Fly out, F5 (Popup, 5F, EV 76.2 MPH)
|
|
Batting: SHB Jerry Luckwell
|
0-0: 2-RUN HOME RUN (Flyball, 9D, EV 103.8 MPH), Distance : 388 ft
|
|
Batting: LHB Shawn Morrison
|
0-0: Foul Ball, location: 2F 0-1: Ball 1-1: Fly out, F9 (Flyball, 9LM, EV 83.1 MPH)
|
|
Batting: LHB Freddy Troncoso
|
0-0: Called Strike 0-1: SINGLE (Groundball, 34D, EV 106.9 MPH)
|
|
Batting: LHB Bi-jun Chien
|
0-0: Called Strike 0-1: Fielders Choice at 2nd, 5-4 (Groundball, 5, EV 110.0 MPH)
|
| Bottom of the 1st over - 2 runs, 2 hits, 0 errors, 1 left on base; San Diego 0 - Colorado 2 |
| TOP OF THE 2ND |
|
San Diego Padres batting - Pitching for Colorado Rockies : RHP Colin Lancey Jr.
|
|
Batting: RHB Kaeo Zirpoli
|
0-0: Ball 1-0: SINGLE (Groundball, 6MD, EV 96.9 MPH)
|
|
Batting: RHB Luis Torres
|
0-0: Ball 1-0: Grounds into double play, 4-6-3 (Groundball, 4, EV 86.9 MPH)
|
|
Batting: RHB Hugo Bautista
|
0-0: Called Strike 0-1: Ball 1-1: Ball 2-1: Foul Ball, location: 2F 2-2: Ball 3-2: Strikes out looking
|
| Top of the 2nd over - 0 runs, 1 hit, 0 errors, 0 left on base; San Diego 0 - Colorado 2 |
| BOTTOM OF THE 2ND |
|
Colorado Rockies batting - Pitching for San Diego Padres : RHP Isaac Spikes
|
|
Batting: SHB Jon Munoz
|
0-0: Foul Ball, location: 2F 0-1: Swinging Strike 0-2: Foul Ball, location: 2F 0-2: SINGLE (Groundball, 34D, EV 96.2 MPH)
|
|
Batting: SHB Andy Vivas
|
0-0: Called Strike 0-1: Ball 1-1: Swinging Strike 1-2: Foul Ball, location: 2F 1-2: SINGLE (Flyball, 8LS, EV 90.0 MPH) Jon Munoz to second Runner from 2nd tries for 3rd, OUT! 7-5
|
|
Batting: RHB Eduardo Camacho
|
0-0: Foul Ball, location: 2F 0-1: Foul Ball, location: 2F 0-2: Ball 1-2: Ball 2-2: Strikes out swinging
|
|
Batting: LHB Andy Bowman
|
0-0: SINGLE (Groundball, 34D, EV 109.4 MPH) (infield hit) Andy Vivas to second
|
|
Batting: SHB Eddie Quinones
|
0-0: 3-RUN HOME RUN (Flyball, 9D, EV 100.0 MPH), Distance : 393 ft
|
|
Batting: SHB Jerry Luckwell
|
0-0: Called Strike 0-1: Foul Ball, location: 2F 0-2: Ball 1-2: Ball 2-2: Foul Ball, location: 2F 2-2: Fly out, F5 (Popup, 56S, EV 71.9 MPH)
|
| Bottom of the 2nd over - 3 runs, 4 hits, 0 errors, 0 left on base; San Diego 0 - Colorado 5 |
| TOP OF THE 3RD |
|
San Diego Padres batting - Pitching for Colorado Rockies : RHP Colin Lancey Jr.
|
|
Batting: LHB James McCauley
|
0-0: Ball 1-0: Called Strike 1-1: Foul Ball, location: 2F 1-2: Ball 2-2: Strikes out looking
|
|
Batting: RHB Luis Romero
|
0-0: Foul Ball, location: 2F 0-1: Called Strike 0-2: Ball 1-2: Foul Ball, location: 2F 1-2: Ball 2-2: Ground out 4-3 (Groundball, 4, EV 80.0 MPH)
|
|
Batting: RHB Hildo Pot
|
0-0: Fly out, F8 (Flyball, 8RM, EV 96.2 MPH)
|
| Top of the 3rd over - 0 runs, 0 hits, 0 errors, 0 left on base; San Diego 0 - Colorado 5 |
| BOTTOM OF THE 3RD |
|
Colorado Rockies batting - Pitching for San Diego Padres : RHP Isaac Spikes
|
|
Batting: LHB Shawn Morrison
|
0-0: Ball 1-0: Swinging Strike 1-1: Fly out, F9 (Line Drive, 9LM, EV 98.8 MPH)
|
|
Batting: LHB Freddy Troncoso
|
0-0: Foul Ball, location: 2F 0-1: Ball 1-1: Called Strike 1-2: SINGLE (Groundball, 3S, EV 66.9 MPH) (infield hit)
|
|
Batting: LHB Bi-jun Chien
|
0-0: Ball 1-0: Swinging Strike 1-1: Ball 2-1: Ball Freddy Troncoso steals 2nd base 3-1: Foul Ball, location: 2F 3-2: Strikes out swinging
|
|
Batting: SHB Jon Munoz
|
0-0: Ground out 5-3 (Groundball, 56S, EV 75.6 MPH)
|
| Bottom of the 3rd over - 0 runs, 1 hit, 0 errors, 1 left on base; San Diego 0 - Colorado 5 |
| TOP OF THE 4TH |
|
San Diego Padres batting - Pitching for Colorado Rockies : RHP Colin Lancey Jr.
|
|
Batting: SHB Phil Zacharia
|
0-0: Swinging Strike 0-1: Foul Ball, location: 2F 0-2: Foul Ball, location: 2F 0-2: Fly out, F8 (Flyball, 8RS, EV 91.9 MPH)
|
|
Batting: RHB C.J. Beavers
|
0-0: Ball 1-0: Swinging Strike 1-1: Foul Ball, location: 2F 1-2: Ball 2-2: Foul Ball, location: 2F 2-2: Foul Ball, location: 2F 2-2: Strikes out swinging, 2-3 out at first.
|
|
Batting: LHB Mike Holt
|
0-0: Called Strike 0-1: Foul Ball, location: 2F 0-2: SINGLE (Groundball, 4M, EV 97.5 MPH) (infield hit)
|
|
Batting: RHB Kaeo Zirpoli
|
0-0: SINGLE (Groundball, P, EV 85.0 MPH) (infield hit) Mike Holt to second
|
|
Batting: RHB Luis Torres
|
0-0: Ball 1-0: Swinging Strike 1-1: Foul Ball, location: 2F 1-2: SINGLE (Groundball, 56D, EV 95.6 MPH) Mike Holt to third Kaeo Zirpoli to second Runner from 3rd tries for Home, SAFE, throw by LF to home
|
|
Batting: RHB Hugo Bautista
|
0-0: Foul Ball, location: 2F 0-1: Ball 1-1: Ball 2-1: Fly out, F7 (Line Drive, 7, EV 85.0 MPH)
|
| Top of the 4th over - 1 run, 3 hits, 0 errors, 2 left on base; San Diego 1 - Colorado 5 |
| BOTTOM OF THE 4TH |
|
Colorado Rockies batting - Pitching for San Diego Padres : RHP Isaac Spikes
|
|
Batting: SHB Andy Vivas
|
0-0: Called Strike 0-1: Fly out, F8 (Flyball, 89M, EV 90.6 MPH)
|
|
Batting: RHB Eduardo Camacho
|
0-0: Ball 1-0: Swinging Strike 1-1: Foul Ball, location: 2F 1-2: Ball 2-2: Strikes out swinging
|
|
Batting: LHB Andy Bowman
|
0-0: Swinging Strike 0-1: SINGLE (Groundball, 5S, EV 68.1 MPH) (infield hit)
|
|
Pitching: RHP Mike Swenson
|
|
|
Batting: SHB Eddie Quinones
|
0-0: Ball 1-0: Called Strike 1-1: SINGLE (Line Drive, 78S, EV 113.8 MPH) Andy Bowman to second
|
|
Batting: SHB Jerry Luckwell
|
0-0: Called Strike 0-1: Foul Ball, location: 2F 0-2: Ball 1-2: Ball 2-2: Ball 3-2: Base on Balls Andy Bowman to third Eddie Quinones to second
|
|
Batting: LHB Shawn Morrison
|
0-0: Ball 1-0: Ball 2-0: Fly out, F7 (Flyball, 78M, EV 90.0 MPH)
|
| Bottom of the 4th over - 0 runs, 2 hits, 0 errors, 3 left on base; San Diego 1 - Colorado 5 |
| TOP OF THE 5TH |
|
San Diego Padres batting - Pitching for Colorado Rockies : RHP Colin Lancey Jr.
|
|
Batting: LHB James McCauley
|
0-0: Called Strike 0-1: DOUBLE (Flyball, 8LXD, EV 108.1 MPH)
|
|
Batting: RHB Luis Romero
|
0-0: Swinging Strike 0-1: Swinging Strike 0-2: Ball 1-2: Foul Ball, location: 2F 1-2: Ball 2-2: Foul Ball, location: 2F 2-2: Ball 3-2: Base on Balls
|
|
Batting: RHB Hildo Pot
|
0-0: Called Strike 0-1: Called Strike 0-2: DOUBLE (Line Drive, 89D, EV 108.8 MPH) James McCauley scores Luis Romero to third
|
|
Batting: SHB Phil Zacharia
|
0-0: Ball 1-0: Ball 2-0: SINGLE (Line Drive, 56, EV 96.9 MPH) Luis Romero scores Hildo Pot to third
|
|
Batting: RHB C.J. Beavers
|
0-0: Foul Ball, location: 2F 0-1: Called Strike 0-2: Ball 1-2: Fielders Choice at 2nd, 3-6 (Groundball, 3S, EV 85.6 MPH) Hildo Pot scores
|
|
Batting: LHB Mike Holt
|
0-0: Swinging Strike 0-1: Ball 1-1: Foul Ball, location: 2F 1-2: Foul Ball, location: 2F 1-2: Ball 2-2: Fly out, F8 (Flyball, 8RM, EV 88.1 MPH)
|
|
Batting: RHB Kaeo Zirpoli
|
0-0: SINGLE (Groundball, 6MD, EV 103.8 MPH) C.J. Beavers to second Runner from 2nd tries for 3rd, SAFE, throw by CF made to third
|
|
Batting: RHB Luis Torres
|
0-0: Foul Ball, location: 2F 0-1: Foul Ball, location: 2F 0-2: Ball 1-2: Strikes out looking
|
| Top of the 5th over - 3 runs, 4 hits, 0 errors, 2 left on base; San Diego 4 - Colorado 5 |
| BOTTOM OF THE 5TH |
|
Colorado Rockies batting - Pitching for San Diego Padres : RHP Mike Swenson
|
|
Batting: LHB Freddy Troncoso
|
0-0: Ball 1-0: Ball 2-0: Foul Ball, location: 2F 2-1: Ball 3-1: Ground out 5-3 (Groundball, 56, EV 87.5 MPH)
|
|
Batting: LHB Bi-jun Chien
|
0-0: Ground out 4-3 (Groundball, 4, EV 86.9 MPH)
|
|
Batting: SHB Jon Munoz
|
0-0: Called Strike 0-1: SINGLE (Groundball, 56D, EV 94.4 MPH)
|
|
Batting: SHB Andy Vivas
|
0-0: Called Strike 0-1: Ball Jon Munoz steals 2nd base 1-1: Foul Ball, location: 2F 1-2: Foul Ball, location: 2F 1-2: Strikes out swinging
|
| Bottom of the 5th over - 0 runs, 1 hit, 0 errors, 1 left on base; San Diego 4 - Colorado 5 |
| TOP OF THE 6TH |
|
San Diego Padres batting - Pitching for Colorado Rockies : RHP Colin Lancey Jr.
|
|
Batting: RHB Hugo Bautista
|
0-0: Called Strike 0-1: Ball 1-1: SINGLE (Groundball, 6MD, EV 103.8 MPH)
|
|
Batting: LHB James McCauley
|
0-0: Called Strike 0-1: Ball 1-1: Ball 2-1: Foul Ball, location: 2F 2-2: Strikes out swinging
|
|
Batting: RHB Luis Romero
|
0-0: TRIPLE (Flyball, 8RXD, EV 99.4 MPH) Hugo Bautista scores
|
|
Batting: RHB Hildo Pot
|
0-0: Ball 1-0: Ball 2-0: Fly out, F8 (Flyball, 8RXD, EV 102.5 MPH) Runner from 3rd tags up, SCORES, no throw by CF
|
|
Batting: SHB Phil Zacharia
|
0-0: Called Strike 0-1: Foul Ball, location: 2F 0-2: Ball 1-2: Ball 2-2: SOLO HOME RUN (Flyball, 78XD, EV 104.4 MPH), Distance : 420 ft
|
|
Pitching: RHP Jim Butler
|
|
|
Batting: RHB C.J. Beavers
|
0-0: Called Strike 0-1: Foul Ball, location: 2F 0-2: Strikes out swinging
|
| Top of the 6th over - 3 runs, 3 hits, 0 errors, 0 left on base; San Diego 7 - Colorado 5 |
| BOTTOM OF THE 6TH |
|
Colorado Rockies batting - Pitching for San Diego Padres : RHP Mike Swenson
|
|
Batting: RHB Eduardo Camacho
|
0-0: Ball 1-0: Swinging Strike 1-1: Ball 2-1: Foul Ball, location: 2F 2-2: Ball 3-2: Base on Balls
|
|
Batting: LHB Andy Bowman
|
0-0: Ball 1-0: Ball 2-0: Called Strike 2-1: Fly out, F5 (Line Drive, 5L, EV 66.2 MPH)
|
|
Batting: SHB Eddie Quinones
|
0-0: Ball Eduardo Camacho is caught stealing 2nd base 2-6 1-0: Ball 2-0: Foul Ball, location: 2F 2-1: SINGLE (Groundball, 4MD, EV 105.6 MPH) (infield hit)
|
|
Batting: SHB Jerry Luckwell
|
0-0: Called Strike 0-1: Foul Ball, location: 2F 0-2: Fielders Choice at 2nd, 6-4 (Groundball, 6, EV 87.5 MPH)
|
| Bottom of the 6th over - 0 runs, 1 hit, 0 errors, 1 left on base; San Diego 7 - Colorado 5 |
| TOP OF THE 7TH |
|
San Diego Padres batting - Pitching for Colorado Rockies : RHP Jim Butler
|
|
Batting: LHB Mike Holt
|
0-0: Ball 1-0: DOUBLE (Line Drive, 78XD, EV 102.5 MPH)
|
|
Batting: RHB Kaeo Zirpoli
|
0-0: Ball 1-0: Swinging Strike 1-1: Ball 2-1: Swinging Strike 2-2: Ball 3-2: Foul Ball, location: 2F 3-2: Base on Balls
|
|
Batting: RHB Luis Torres
|
0-0: Called Strike 0-1: Called Strike 0-2: Foul Ball, location: 2F 0-2: Fielders Choice at 2nd, 4-6 (Groundball, 4, EV 80.0 MPH) Mike Holt to third
|
|
Batting: RHB Hugo Bautista
|
0-0: Ball 1-0: Ball 2-0: Called Strike 2-1: Ball 3-1: Swinging Strike 3-2: Base on Balls Luis Torres to second
|
|
Batting: LHB James McCauley
|
0-0: Ball 1-0: Fly out, F8 (Flyball, 8LD, EV 90.0 MPH)
|
|
Batting: RHB Luis Romero
|
0-0: Ground out U3 (Groundball, 3S, EV 89.4 MPH)
|
| Top of the 7th over - 0 runs, 1 hit, 0 errors, 3 left on base; San Diego 7 - Colorado 5 |
| BOTTOM OF THE 7TH |
|
Colorado Rockies batting - Pitching for San Diego Padres : RHP Mike Swenson
|
|
Pitching: LHP Jim Turan
|
|
|
Batting: LHB Shawn Morrison
|
0-0: Foul Ball, location: 2F 0-1: Ball 1-1: Ball 2-1: Called Strike 2-2: Strikes out looking
|
|
Batting: LHB Freddy Troncoso
|
0-0: DOUBLE (Line Drive, 78M, EV 103.1 MPH)
|
|
Batting: LHB Bi-jun Chien
|
0-0: Foul Ball, location: 2F 0-1: Ball 1-1: Foul Ball, location: 2F 1-2: Strikes out swinging
|
|
Batting: SHB Jon Munoz
|
0-0: Called Strike 0-1: Ground out U3 (Groundball, 34, EV 105.0 MPH)
|
| Bottom of the 7th over - 0 runs, 1 hit, 0 errors, 1 left on base; San Diego 7 - Colorado 5 |
| TOP OF THE 8TH |
|
San Diego Padres batting - Pitching for Colorado Rockies : RHP Jim Butler
|
|
Pitching: RHP Mitch Guerrero
|
|
|
Batting: RHB Hildo Pot
|
0-0: Ground out 2-3 (Groundball, 15S, EV 66.2 MPH)
|
|
Batting: SHB Phil Zacharia
|
0-0: Called Strike 0-1: Called Strike 0-2: Ball 1-2: Ball 2-2: Ball 3-2: Foul Ball, location: 2F 3-2: Base on Balls
|
|
Batting: RHB C.J. Beavers
|
0-0: Ball 1-0: Ball 2-0: Ball 3-0: Base on Balls Phil Zacharia to second
|
|
Batting: LHB Mike Holt
|
0-0: DOUBLE (Line Drive, 9LM, EV 102.5 MPH) Phil Zacharia scores C.J. Beavers to third Runner from 3rd tries for Home, SAFE, throw by RF to home
|
|
Batting: RHB Kaeo Zirpoli
|
0-0: Called Strike 0-1: Swinging Strike 0-2: Foul Ball, location: 2F 0-2: Strikes out swinging
|
|
Batting: RHB Luis Torres
|
0-0: Called Strike 0-1: Ball 1-1: Fly out, F4 (Popup, 13S, EV 83.1 MPH)
|
| Top of the 8th over - 2 runs, 1 hit, 0 errors, 1 left on base; San Diego 9 - Colorado 5 |
| BOTTOM OF THE 8TH |
|
Colorado Rockies batting - Pitching for San Diego Padres : LHP Jim Turan
|
|
Batting: SHB Andy Vivas
|
0-0: Ball 1-0: Ball 2-0: Called Strike 2-1: Ball 3-1: Called Strike 3-2: Foul Ball, location: 2F 3-2: Foul Ball, location: 2F 3-2: Foul Ball, location: 2F 3-2: Base on Balls
|
|
Batting: RHB Eduardo Camacho
|
0-0: Called Strike 0-1: Foul Ball, location: 2F 0-2: Strikes out swinging
|
|
Batting: LHB Andy Bowman
|
0-0: Called Strike 0-1: Ball 1-1: Ball 2-1: Swinging Strike 2-2: Strikes out swinging
|
|
Batting: SHB Eddie Quinones
|
0-0: Reached on error, E4 (Groundball, 34, EV 105.6 MPH) Andy Vivas to third
|
|
Batting: SHB Jerry Luckwell
|
0-0: Called Strike 0-1: Ball 1-1: Ball 2-1: Fly out, F8 (Line Drive, 8LM, EV 84.4 MPH)
|
| Bottom of the 8th over - 0 runs, 0 hits, 1 error, 2 left on base; San Diego 9 - Colorado 5 |
| TOP OF THE 9TH |
|
San Diego Padres batting - Pitching for Colorado Rockies : RHP Mitch Guerrero
|
|
Pitching: RHP Tony Campos
|
|
|
Batting: RHB Hugo Bautista
|
0-0: Called Strike 0-1: Foul Ball, location: 2F 0-2: Strikes out swinging
|
|
Batting: LHB James McCauley
|
0-0: Foul Ball, location: 2F 0-1: Called Strike 0-2: Strikes out swinging
|
|
Batting: RHB Luis Romero
|
0-0: Ball 1-0: Ball 2-0: Foul Ball, location: 2F 2-1: SINGLE (Groundball, 6MD, EV 94.4 MPH)
|
|
Batting: RHB Hildo Pot
|
0-0: Ball 1-0: Swinging Strike 1-1: Foul Ball, location: 2F 1-2: Foul Ball, location: 2F 1-2: Foul Ball, location: 2F 1-2: Fly out, F7 (Flyball, 78S, EV 71.9 MPH)
|
| Top of the 9th over - 0 runs, 1 hit, 0 errors, 1 left on base; San Diego 9 - Colorado 5 |
| BOTTOM OF THE 9TH |
|
Colorado Rockies batting - Pitching for San Diego Padres : LHP Jim Turan
|
|
Pitching: RHP Angelo Radford
|
|
|
Batting: LHB Shawn Morrison
|
0-0: Ball 1-0: Called Strike 1-1: Foul Ball, location: 2F 1-2: Ball 2-2: Ball 3-2: Ground out U3 (Groundball, 34S, EV 86.2 MPH)
|
|
Batting: LHB Freddy Troncoso
|
0-0: Ball 1-0: Swinging Strike 1-1: Ball 2-1: Called Strike 2-2: Foul Ball, location: 2F 2-2: Ground out 6-3 (Groundball, 4MD, EV 103.8 MPH)
|
|
Batting: LHB Bi-jun Chien
|
0-0: Called Strike 0-1: Ball 1-1: Ball 2-1: Fly out, F4 (Line Drive, 4MD, EV 78.1 MPH)
|
| Bottom of the 9th over - 0 runs, 0 hits, 0 errors, 0 left on base; San Diego 9 - Colorado 5 |
|